 Dungeon Crawl Stone Soup version 0.28.0-53-g5a82cb258f (webtiles) character file.

Game seed: 4093205114261695513

65 Zeld the Chopper (level 3, -4/34 HPs)
             Began as a Minotaur Berserker on May 23, 2022.
             Was a Follower of Trog.
             Slain by Natasha (8 damage)
             ... on level 2 of the Dungeon.
             The game lasted 00:00:53 (1411 turns).

Zeld the Chopper (Minotaur Berserker)               Turns: 1411, Time: 00:00:53

Health: -4/34      AC:  2    Str: 23    XL:     3   Next: 94%
Magic:  2/2        EV: 12    Int:  4    God:    Trog [*.....]
Gold:   61         SH:  0    Dex:  9    Spells: 2/2 levels left

rFire   . . .      SeeInvis .   a - +0 hand axe
rCold   . . .      Faith    .   (no shield)
rNeg    . . .      Spirit   .   b - +0 animal skin
rPois   .          Reflect  .   (helmet restricted)
rElec   .          Harm     .   (no cloak)
rCorr   .          Rampage  .   (no gloves)
Will    .....                   (no boots)
Stlth   +.........              (no amulet)
HPRegen 0.11/turn               (no ring)
MPRegen 0.08/turn               (no ring)

@: slowed, very slow
A: horns 2, retaliatory headbutt
a: Renounce Religion, Berserk


You were on level 2 of the Dungeon.
You worshipped Trog.
Trog was aware of your devotion.
You visited 1 branch of the dungeon, and saw 2 of its levels.

You collected 61 gold pieces.

Inventory:

Hand Weapons
 a - a +0 hand axe (weapon)
Armour
 b - a +0 animal skin (worn)
Wands
 e - a wand of mindburst (11)
 j - a wand of paralysis (10)
Scrolls
 d - a scroll of blinking {unknown}
 f - a scroll of teleportation {unknown}
 g - 4 scrolls of identify {unknown}
 i - a scroll of noise {unknown}
 k - a scroll of fog {unknown}
 l - a scroll of immolation {unknown}
Potions
 c - a potion of haste {unknown}
 h - a potion of experience {unknown}


   Skills:
 * Level 4.5 Fighting
 * Level 4.5 Axes
 + Level 3.0 Armour
 + Level 2.8 Dodging


You had 2 spell levels left.
You didn't know any spells.
Your spell library was empty.

Dungeon Overview and Level Annotations

Branches:
Dungeon (2/15)

Altars:

Shops:
D:1 (   D:2 !

Annotations:
D:2 Natasha


Innate Abilities, Weirdness & Mutations

You have a pair of horns on your head.
You reflexively headbutt those who attack you in melee.


Message History

You slash the hobgoblin!
You kill the hobgoblin!
Trog accepts your kill.
No target in view!
You now have 61 gold pieces (gained 14).
A kobold comes into view. It is wielding a +0 short sword.
Found Xaeput's Distillery.
Your library has no spells.
Unknown command.
A kobold is nearby!
Natasha, Servant of Life and Death comes into view.
Natasha hisses angrily.
The kobold shouts!
Natasha stares at you and mumbles some strange words.
You feel yourself slow down. Natasha claws you.
You closely miss Natasha. You barely miss the kobold. Natasha claws you!
The kobold misses you. You furiously retaliate!
You headbutt the kobold!
You kill the kobold!
Trog accepts your kill. Natasha claws you.
A quokka comes into view.
You are too injured to fight recklessly!
You are too injured to fight recklessly!
You are too injured to fight recklessly!
Unknown command.
You hit Natasha. Your headbutt misses Natasha.
Natasha is lightly wounded.
Natasha claws you.
You hit Natasha but do no damage.
Natasha is lightly wounded.
You closely miss the quokka.
Natasha casts a spell.
The quokka closely misses you. You furiously retaliate!
You headbutt the quokka. Natasha claws you!
* * * LOW HITPOINT WARNING * * *
The quokka barely misses you.
You slash Natasha! Your headbutt misses Natasha.
Natasha is almost dead.
You hit the quokka. You hit the shadow imp. Natasha claws you!
You die...

..#.########.....#
...<.............#
..#.########....<#
....### ##...##
.#....####....#..###
##.......).#####...#
.#..##.... ###.####
....#.......######....#
...............h@r....#
.............#.5##....#
##.#...... #.. #⌠.⌠.#
.......... #.. #.∩..#
#####..... #.# .⌠.⌠.#
### ..... #. .#####
..## ...^. .# . ....
.... . ..## .


You could see Natasha, a shadow imp (summoned) and a quokka.

Vanquished Creatures
  Jessica (D:2)
  A worm (D:2)
  5 bats
  5 endoplasms
  6 goblins
  2 hobgoblins
  6 ball pythons (D:1)
  2 frilled lizards
  3 kobolds
  4 rats (D:1)
35 creatures vanquished.

Notes
Turn   | Place    | Note
-------+----------+-------------------------------------------
     0 | D:1      | Zeld the Minotaur Berserker began the quest for the Orb.
     0 | D:1      | Reached XP level 1. HP: 19/19 MP: 0/0
     2 | D:1      | Noticed an elf
     2 | D:1      | Noticed a spriggan
     4 | D:1      | Noticed a merfolk
     4 | D:1      | Noticed an ogre
     6 | D:1      | Noticed a draconian
     8 | D:1      | Noticed a dwarf
    10 | D:1      | Noticed a ghoul
    12 | D:1      | Noticed a minotaur
    12 | D:1      | Noticed a demigod
    14 | D:1      | Noticed a demonspawn
    14 | D:1      | Noticed a human
    16 | D:1      | Noticed a naga
    16 | D:1      | Noticed a tengu
    18 | D:1      | Noticed a vampire
    18 | D:1      | Noticed a gargoyle
    20 | D:1      | Noticed a troll
    22 | D:1      | Noticed a felid
    24 | D:1      | Noticed a vine stalker
    24 | D:1      | Noticed a formicid
    26 | D:1      | Noticed an octopode
   121 | D:1      | Found Gaero's Weapon Emporium.
   126 | D:1      | Reached XP level 2. HP: 27/27 MP: 1/1
  1096 | D:2      | Noticed Jessica
  1101 | D:2      | Killed Jessica
  1102 | D:2      | Reached XP level 3. HP: 31/34 MP: 2/2
  1403 | D:2      | Found Xaeput's Distillery.
  1405 | D:2      | Noticed Natasha
  1411 | D:2      | Slain by Natasha

Illustrated notes

Levels and vault maps discovered:
D:1:      kb_arrival_jail, layout_rooms, serial_shops,
          nicolae_shop_bloodbath_and_beyond
D:2:      layout_rooms, serial_shops, shop_fountains, uniq_jessica, uniq_natasha

Skill      XL: |  1  2  3 |
---------------+----------+-----
Axes           | 4 |  4.5
Fighting       | 4 |  4.5
Armour         | 3 |  3.0
Dodging        | |  2.8

Action                   || total
-------------------------++-------
Melee: Hand axe          ||    68
       Headbutt          ||     6
       Punch             ||     1
Armor: Animal skin       ||    18
Dodge: Dodged            ||    46
